Map: King's Cove LE

Players

Mez

  • Race: Terran Terran
  • League: Master
  • Spawn Location: 11:00

BabyMarine - Winner!

  • Race: Terran Terran
  • League: Master
  • Spawn Location: 5:00

VOD

Have the link to the VOD?

Description

Time

  • Played on: Aug. 12, 2019, 7:41 p.m.
  • Length: 14:25
Show
View Real Time Build Order
Export as new Build Order

Mez Terran 

Build Orders: Gas First Reaper Expand 

Get SALT Encoding   

  12  0:00  SCV  
  13  0:13  SCV  
  14  0:18  Supply Depot  
  14  0:25  SCV  
  15  0:29  Refinery  
  15  0:40  SCV  
  16  0:46  Barracks  
  16  0:53  SCV  
  17  1:05  SCV  
  18  1:17  SCV  
  19  1:33  Reaper  
  19  1:34  Orbital Command  
  20  1:52  Command Center  
  20  2:01  Factory  
  20  2:05  SCV  
  21  2:10  Barracks Reactor  
  21  2:17  SCV  
  21  2:20  Supply Depot  
  22  2:29  SCV  
  22  2:32  Refinery  
  21  2:46  Marine x2  
  21  2:47  Hellion  
  21  3:09  Hellion  
  21  3:12  Marine x2  
  24  3:18  SCV  
  25  3:24  Starport  
  24  3:30  Hellion  
  24  3:36  Marine x2  
  24  3:37  SCV  
  27  3:49  SCV  
  23  4:08  Starport Tech Lab  
  23  4:10  Marine x2, Factory Tech Lab  
  23  4:11  SCV  
  26  4:23  SCV  
  27  4:33  SCV  
  27  4:34  Raven  
  27  4:36  SCV  
  30  4:46  Orbital Command  
  30  4:48  SCV  
  30  4:51  Siege Tank  
  33  5:00  SCV  
  34  5:12  SCV  
  34  5:13  SCV  
  36  5:17  Marine x2  
  38  5:22  Refinery  
  38  5:24  SCV  
  38  5:25  Raven, SCV  
  42  5:36  SCV  
  42  5:37  SCV  
  42  5:39  Command Center  
  44  5:44  Supply Depot  
  44  5:48  SCV  
  41  6:05  Siege Tank  
  41  6:06  SCV x2  
  41  6:10  Supply Depot  
  46  6:18  SCV x2  
  46  6:22  Viking  
  46  6:23  Viking  
  46  6:24  Stimpack  
  52  6:26  Marine  
  52  6:30  SCV  
  52  6:32  SCV  
  55  6:35  Supply Depot  
  55  6:44  Siege Tank  
  55  6:45  Marine  
  55  6:46  SCV x2  
  61  6:59  Viking x2  
  61  7:01  Orbital Command  
  65  7:08  SCV x2  
  66  7:12  Supply Depot  
  66  7:17  Siege Tank  
  66  7:20  SCV x2  
  70  7:32  SCV  
  70  7:33  Viking x2  
  70  7:36  SCV  
  77  7:44  SCV, Marine  
  76  7:48  SCV  
  75  8:02  Orbital Command  
  69  8:10  Siege Tank, Marine  
  73  8:14  Viking x2  
  77  8:28  Marine  
  77  8:33  Engineering Bay  
  78  8:34  Engineering Bay, Supply Depot  
  78  8:41  SCV x3  
  81  8:45  Marine  
  82  8:53  SCV x3  
  82  8:55  Siege Tank  
  88  9:03  Marine  
  88  9:05  SCV x3  
  88  9:06  Missile Turret x3  
  88  9:09  Combat Shield  
  92  9:11  Terran Infantry Weapons Level 1  
  92  9:16  Refinery  
  92  9:17  SCV x2  
  92  9:23  Terran Infantry Armor Level 1  
  94  9:48  Missile Turret  
  94  9:51  Siege Tank  
  97  9:53  Supply Depot  
  97  9:54  Missile Turret, Supply Depot  
  97  10:06  Orbital Command  
  97  10:10  Missile Turret  
  97  10:12  Missile Turret x2  
  97  10:17  Marine  
  97  10:20  Missile Turret  
  97  10:21  Barracks  
  98  10:23  Siege Tank, Barracks x2, Missile Turret  
  98  10:25  Barracks  
  98  10:26  Armory  
  101  10:35  Marine  
  102  10:53  Marine  
  102  10:55  Siege Tank  
  106  10:57  Missile Turret  
  106  11:02  SCV  
  106  11:03  SCV x2  
  108  11:05  Missile Turret  
  108  11:15  SCV x3  
  108  11:17  Sensor Tower  
  111  11:22  Barracks Reactor x2  
  111  11:23  Barracks Reactor  
  111  11:25  Barracks Reactor  
  111  11:27  Siege Tank, Refinery, SCV x2  
  111  11:28  Sensor Tower, Refinery  
  111  11:32  SCV  
  117  11:37  Supply Depot  
  117  11:39  SCV x2  
  110  11:44  SCV  
  110  11:45  Orbital Command  
  89  12:20  SCV x2  
  77  12:25  Marine x9  
  77  12:27  Siege Tank  
  89  12:42  Marine  
  89  12:43  Marine  
  91  12:47  Command Center  
  91  12:48  Missile Turret  
  78  13:25  Command Center  
  69  13:35  Siege Tank  
  62  14:08  Missile Turret x2  
Show
View Real Time Build Order
Export as new Build Order

BabyMarine Terran - Winner!

Build Orders:  

Get SALT Encoding   

  12  0:02  SCV  
  13  0:14  SCV  
  14  0:18  Supply Depot  
  14  0:26  SCV  
  15  0:44  Barracks  
  15  0:45  SCV  
  15  0:48  Refinery  
  17  0:57  SCV  
  17  1:01  Barracks  
  17  1:08  Refinery  
  17  1:12  SCV  
  18  1:31  Reaper  
  18  1:32  Orbital Command  
  19  1:51  Reaper  
  20  1:57  Supply Depot  
  20  2:03  Reaper  
  20  2:05  SCV  
  22  2:18  SCV  
  23  2:23  Reaper  
  24  2:30  SCV  
  24  2:35  Reaper  
  26  2:42  SCV  
  27  2:49  Command Center  
  27  2:54  SCV  
  27  2:55  Reaper  
  27  2:56  Supply Depot  
  29  3:00  Factory  
  29  3:08  SCV  
  30  3:13  Reaper  
  31  3:23  SCV  
  31  3:35  SCV  
  33  3:41  Supply Depot  
  33  3:43  Barracks Reactor  
  33  3:44  Barracks Tech Lab  
  33  3:45  Starport, Factory Tech Lab  
  30  4:03  Barracks Reactor  
  30  4:05  Marine  
  30  4:07  SCV  
  30  4:12  Orbital Command  
  30  4:15  Siege Tank  
  30  4:16  Refinery  
  33  4:19  SCV  
  33  4:23  Marine  
  35  4:25  Supply Depot  
  35  4:26  Supply Depot  
  35  4:27  Supply Depot  
  35  4:31  SCV  
  35  4:40  Marine x2  
  35  4:41  Stimpack  
  35  4:42  Marine  
  37  4:46  SCV x2  
  37  4:50  Medivac  
  41  4:58  Marine x2  
  41  4:59  SCV x2  
  45  5:01  Marine  
  46  5:08  Siege Tank  
  46  5:11  SCV  
  46  5:12  SCV  
  51  5:15  Marine  
  51  5:16  Marine  
  51  5:19  Marine  
  54  5:24  SCV x2  
  56  5:33  Marine x2  
  56  5:35  Engineering Bay, Supply Depot  
  58  5:36  SCV x2  
  58  5:37  Marine  
  61  5:48  SCV  
  62  5:51  Marine  
  62  5:52  Marine  
  62  5:55  Marine  
  62  6:04  SCV x2  
  62  6:08  Siege Tank  
  62  6:09  Medivac  
  68  6:14  Command Center  
  68  6:16  SCV x2  
  68  6:18  Supply Depot  
  70  6:20  Marine x3  
  73  6:28  SCV x2  
  75  6:37  Supply Depot  
  75  6:41  Combat Shield  
  75  6:43  SCV  
  75  6:44  SCV, Marine  
  75  6:45  Marine x2  
  80  6:58  Starport Reactor  
  80  6:59  Siege Tank  
  83  7:02  Marine  
  83  7:08  Marine x2  
  85  7:11  Terran Infantry Weapons Level 1  
  85  7:12  SCV x2  
  85  7:13  Supply Depot  
  88  7:15  Supply Depot  
  88  7:24  SCV  
  88  7:27  Marine x3  
  92  7:32  Orbital Command  
  92  7:34  Siege Tank  
  95  7:39  SCV x2  
  95  7:40  Refinery  
  97  7:45  Marine x2  
  97  7:46  Marine  
  97  7:51  SCV x2  
  101  8:03  Marine x2  
  101  8:04  Orbital Command  
  103  8:08  Marine  
  103  8:09  Medivac x2  
  103  8:11  Siege Tank  
  109  8:14  SCV x2  
  111  8:21  Marine x2  
  111  8:26  Marine, Supply Depot  
  114  8:29  SCV  
  114  8:30  SCV x2, Barracks x2  
  114  8:32  Barracks  
  117  8:38  Marine  
  118  8:44  SCV x3  
  118  8:45  Marine x2  
  118  8:46  Siege Tank  
  125  9:03  Marine x2  
  125  9:05  Terran Infantry Armor Level 1  
  127  9:10  SCV x2, Marine  
  130  9:17  Barracks Reactor  
  130  9:18  Barracks Reactor x2  
  130  9:19  SCV  
  130  9:22  SCV  
  132  9:25  Refinery, Supply Depot  
  132  9:26  Factory, Marine, Supply Depot  
  132  9:27  Siege Tank, Marine  
  132  9:28  Refinery  
  137  9:32  Medivac x2  
  141  9:46  SCV x3, Marine  
  141  9:47  Barracks Tech Lab x3  
  145  9:57  Command Center  
  145  9:58  Barracks Reactor x2, SCV x2  
  147  10:02  SCV  
  147  10:04  Marine  
  147  10:05  Siege Tank, Marine x2  
  155  10:14  SCV x3  
  155  10:17  Barracks Reactor, Factory Tech Lab  
  157  10:31  Supply Depot  
  157  10:33  Supply Depot  
  157  10:34  Armory  
  157  10:35  Marine  
  157  10:36  Engineering Bay  
  157  10:45  Supply Depot  
  157  10:46  Supply Depot  
  157  10:53  Siege Tank, Marine, Medivac x2  
  157  10:54  Marine x5  
  157  10:55  Siege Tank  
  173  11:00  Sensor Tower  
  173  11:07  Marine x3  
  173  11:09  Planetary Fortress  
  173  11:10  Marine  
  177  11:12  Barracks  
  177  11:13  Barracks  
  177  11:15  Barracks  
  177  11:21  Marine x4  
  177  11:25  Siege Tank  
  184  11:27  Siege Tank, Terran Infantry Armor Level 2, Terran Infantry Weapons Level 2  
  180  11:41  Marine  
  180  11:42  Marine x8  
  180  11:44  SCV x3  
  180  11:59  Marine x2  
  180  12:00  Marine x6  
  166  12:01  Siege Tank x2, Medivac  
  166  12:02  Medivac  
  173  12:09  Marine  
  174  12:17  Marine x3  
  174  12:19  Marine x2  
  174  12:20  Marine x3  
  174  12:22  Barracks Reactor x2  
  182  12:23  Barracks Reactor  
  182  12:26  Refinery  
  182  12:27  Refinery  
  182  12:31  Medivac  
  182  12:32  Marine, Medivac  
  182  12:35  Siege Tank x2, Marine x2  
  195  12:47  SCV  
  195  12:48  SCV  
  197  12:55  Marine x2  
  197  12:56  Marine  
  199  13:00  Command Center  
  199  13:06  Marine  
  190  13:14  SCV x2  
  190  13:15  Marine x3  
  190  13:16  Marine x5  
  179  13:24  Marine x6  
  179  13:25  Marine  
  179  13:26  Siege Tank x2, Medivac  
  179  13:27  Medivac  
  188  13:38  Marine x5  
  188  13:39  Marine  
  194  13:45  Marine x6  
  199  13:56  Marine  
Tags
 
Add a new tag
Caveats
  • Supply blocks, unpowered buildings, or Contaminate may cause inaccurate times.
  • Supply counts are checked every 10 seconds.